BSA
ST CHARLES SHEENS @ NASHVILLE G-STRINGS
05/19/2030
 
TOP OF THE 1ST
St Charles Sheens batting - Pitching for Nashville G-Strings : LHP Kip Manning
Pitching: LHP Kip Manning
Batting: RHB Miguel Palácios 0-0: Ball
1-0: Foul Ball, location: 2F
1-1: Ball
2-1: Ball
3-1: Foul Ball, location: 2F
3-2: Base on Balls
Batting: RHB Lúcio Alfaro 0-0: Ball
1-0: Ball
2-0: Ball
3-0: Called Strike
3-1: Called Strike
3-2: Grounds into double play, 6-4-3 (Groundball, 6)
Batting: RHB Shawn Gutiérrez 0-0: Called Strike
0-1: Fly out, F7 (Flyball, 7)
Top of the 1st over - 0 runs, 0 hits, 0 errors, 0 left on base; St Charles 0 - Nashville 0
BOTTOM OF THE 1ST
Nashville G-Strings batting - Pitching for St Charles Sheens : LHP Scott Davis
Pitching: LHP Scott Davis
Batting: RHB Eric Thompson 0-0: Ground out 6-3 (Groundball, 6)
Batting: SHB Rob Grun 0-0: Ball
1-0: SINGLE (Line Drive, 89S)
Batting: RHB Sergio Márquez 0-0: Ball
1-0: Called Strike
1-1: Swinging Strike
1-2: Ball
2-2: Ball
3-2: DOUBLE (Line Drive, 8RXD)
Rob Grun to third
Runner from 3rd tries for Home, SAFE, no throw
Batting: SHB Jorge Flores 0-0: Ball
1-0: Foul Ball, location: 2F
1-1: Swinging Strike
1-2: Ball
2-2: Ball
3-2: Foul Ball, location: 2F
3-2: Foul Ball, location: 2F
3-2: Foul Ball, location: 2F
3-2: 2-RUN HOME RUN (Flyball, 7LD), Distance : 365 ft
Batting: RHB Vicente Aguirre 0-0: Called Strike
0-1: Fly out, F9 (Line Drive, 9D)
Batting: RHB Juan Costello 0-0: Swinging Strike
0-1: Ball
1-1: Ball
2-1: Called Strike
2-2: Ball
3-2: Base on Balls
Batting: LHB Ramón Morales 0-0: Ball
1-0: Called Strike
1-1: Swinging Strike
1-2: Ball
2-2: Foul Ball, location: 2F
2-2: Ground out 4-3 (Groundball, 4MD)
Bottom of the 1st over - 3 runs, 3 hits, 0 errors, 1 left on base; St Charles 0 - Nashville 3
TOP OF THE 2ND
St Charles Sheens batting - Pitching for Nashville G-Strings : LHP Kip Manning
Batting: RHB Víctor Arredondo 0-0: Ball
1-0: Ball
2-0: Ground out 6-3 (Groundball, 6)
Batting: LHB Randy Wiggins 0-0: Called Strike
0-1: Foul Ball, location: 2F
0-2: Ground out 4-3 (Groundball, 34D)
Batting: RHB Ramón Molina 0-0: Ball
1-0: Called Strike
1-1: Ball
2-1: Ball
3-1: Base on Balls
Batting: RHB Sergio Pujols 0-0: Ball
1-0: Ball
2-0: Called Strike
2-1: Fly out, F8 (Flyball, 8RS)
Top of the 2nd over - 0 runs, 0 hits, 0 errors, 1 left on base; St Charles 0 - Nashville 3
BOTTOM OF THE 2ND
Nashville G-Strings batting - Pitching for St Charles Sheens : RHP Ricardo Montero
Pitching: RHP Ricardo Montero
Batting: SHB Martín Medina 0-0: Fly out, F7 (Flyball, 7LMF)
Batting: SHB Ricardo Arévalo 0-0: Called Strike
0-1: Foul Ball, location: 2F
0-2: Foul Ball, location: 2F
0-2: Strikes out swinging
Batting: RHB Eric Thompson 0-0: Ball
1-0: Ground out 6-3 (Groundball, 6)
Bottom of the 2nd over - 0 runs, 0 hits, 0 errors, 0 left on base; St Charles 0 - Nashville 3
TOP OF THE 3RD
St Charles Sheens batting - Pitching for Nashville G-Strings : LHP Kip Manning
Batting: RHB Judson Backstrom 0-0: Ball
1-0: Called Strike
1-1: Ground out 5-3 (Groundball, 56)
Batting: RHB Salvador Rodríguez 0-0: Ball
1-0: Ball
2-0: SINGLE (Groundball, 5L) (infield hit)
Batting: RHB Miguel Palácios 0-0: Ball
1-0: Ball
2-0: Grounds into double play, 5-4-3 (Groundball, 56)
Top of the 3rd over - 0 runs, 1 hit, 0 errors, 0 left on base; St Charles 0 - Nashville 3
BOTTOM OF THE 3RD
Nashville G-Strings batting - Pitching for St Charles Sheens : RHP Ricardo Montero
Batting: SHB Rob Grun 0-0: Ground out U3 (Groundball, 3)
Batting: RHB Sergio Márquez 0-0: Ball
1-0: Ball
2-0: Called Strike
2-1: Ball
3-1: Ground out 5-3 (Groundball, 5L)
Batting: SHB Jorge Flores 0-0: Ball
1-0: Foul Ball, location: 2F
1-1: Foul Ball, location: 2F
1-2: Ball
2-2: Ball
3-2: Foul Ball, location: 2F
3-2: Base on Balls
Batting: RHB Vicente Aguirre 0-0: Ball
1-0: Fielders Choice at 2nd, 6-4 (Groundball, 6)
Bottom of the 3rd over - 0 runs, 0 hits, 0 errors, 1 left on base; St Charles 0 - Nashville 3
TOP OF THE 4TH
St Charles Sheens batting - Pitching for Nashville G-Strings : LHP Kip Manning
Batting: RHB Lúcio Alfaro 0-0: Ball
1-0: Fly out, F4 (Popup, 23)
Batting: RHB Shawn Gutiérrez 0-0: Ball
1-0: Foul Ball, location: 2F
1-1: Fly out, F9 (Flyball, 9)
Batting: RHB Víctor Arredondo 0-0: Swinging Strike
0-1: Ground out 6-3 (Groundball, 6)
Top of the 4th over - 0 runs, 0 hits, 0 errors, 0 left on base; St Charles 0 - Nashville 3
BOTTOM OF THE 4TH
Nashville G-Strings batting - Pitching for St Charles Sheens : RHP Ricardo Montero
Batting: RHB Juan Costello 0-0: Foul Ball, location: 2F
0-1: Ball
1-1: TRIPLE (Flyball, 8LXD)
Batting: LHB Ramón Morales 0-0: Called Strike
0-1: Ball
1-1: Ball
2-1: Called Strike
2-2: Hit by Pitch
Batting: SHB Martín Medina 0-0: Ball
Ramón Morales steals 2nd base
1-0: Called Strike
1-1: Swinging Strike
1-2: Ball
2-2: Fly out, F7 (Flyball, 7S)
Batting: SHB Ricardo Arévalo 0-0: Called Strike
0-1: Fly out, F7 (Flyball, 7S)
Runner from 3rd tags up, SCORES, throw made
Batting: RHB Eric Thompson 0-0: Ball
1-0: Ball
2-0: Ball
3-0: Foul Ball, location: 2F
3-1: Foul Ball, location: 2F
3-2: Fly out, F4 (Line Drive, 4M)
Bottom of the 4th over - 1 run, 1 hit, 0 errors, 1 left on base; St Charles 0 - Nashville 4
TOP OF THE 5TH
St Charles Sheens batting - Pitching for Nashville G-Strings : LHP Kip Manning
Batting: LHB Randy Wiggins 0-0: Called Strike
0-1: Ground out 4-3 (Groundball, 34)
Batting: RHB Ramón Molina 0-0: Called Strike
0-1: SINGLE (Line Drive, 4M)
Batting: RHB Sergio Pujols 0-0: Called Strike
0-1: Ball
1-1: Called Strike
1-2: Strikes out swinging
Batting: RHB Judson Backstrom 0-0: Called Strike
0-1: Fly out, F7 (Flyball, 7S)
Top of the 5th over - 0 runs, 1 hit, 0 errors, 1 left on base; St Charles 0 - Nashville 4
BOTTOM OF THE 5TH
Nashville G-Strings batting - Pitching for St Charles Sheens : RHP Ricardo Montero
Batting: SHB Rob Grun 0-0: Ball
1-0: Called Strike
1-1: Ball
2-1: Ball
3-1: Base on Balls
Batting: RHB Sergio Márquez 0-0: Ball
1-0: Ball
2-0: Ball
3-0: Base on Balls
Rob Grun to second
Batting: SHB Jorge Flores 0-0: Grounds into double play, 6-4-3 (Groundball, 6)
Rob Grun to third
Batting: RHB Vicente Aguirre 0-0: Foul Ball, location: 2F
0-1: Fly out, F7 (Flyball, 7LM)
Bottom of the 5th over - 0 runs, 0 hits, 0 errors, 1 left on base; St Charles 0 - Nashville 4
TOP OF THE 6TH
St Charles Sheens batting - Pitching for Nashville G-Strings : LHP Kip Manning
Batting: RHB Salvador Rodríguez 0-0: Ball
1-0: Ball
2-0: Foul Ball, location: 2F
2-1: Foul Ball, location: 2F
2-2: Ball
3-2: Foul Ball, location: 2F
3-2: Foul Ball, location: 2F
3-2: Ground out 6-3 (Groundball, 6)
Batting: RHB Miguel Palácios 0-0: Ball
1-0: SINGLE (Line Drive, 56D)
Batting: RHB Lúcio Alfaro 0-0: Ball
1-0: Called Strike
1-1: SINGLE (Groundball, 4MD)
Miguel Palácios to second
Batting: RHB Shawn Gutiérrez 0-0: Called Strike
Miguel Palácios steals 3rd base
Lúcio Alfaro to second
0-1: Called Strike
0-2: Ball
1-2: SINGLE (Groundball, 56D)
Miguel Palácios scores
Lúcio Alfaro to third
Batting: RHB Víctor Arredondo 0-0: Fly out, F1 (Line Drive, 15)
Batting: LHB Randy Wiggins 0-0: Ball
1-0: SINGLE (Flyball, 78S)
Lúcio Alfaro scores
Shawn Gutiérrez to second
Batting: RHB Ramón Molina 0-0: Ball
1-0: Called Strike
1-1: Swinging Strike
1-2: Ball
2-2: Foul Ball, location: 2F
2-2: SINGLE (Groundball, 56D)
Shawn Gutiérrez to third
Randy Wiggins to second
Runner from 3rd tries for Home, SAFE, no throw
Batting: RHB Sergio Pujols 0-0: Ball
1-0: SINGLE (Groundball, 56D)
Randy Wiggins to third
Ramón Molina to second
Runner from 3rd tries for Home, SAFE, no throw
Pitching: RHP Kimitada Takai
Batting: RHB Judson Backstrom 0-0: Ground out 4-3 (Groundball, 4)
Top of the 6th over - 4 runs, 6 hits, 0 errors, 2 left on base; St Charles 4 - Nashville 4
BOTTOM OF THE 6TH
Nashville G-Strings batting - Pitching for St Charles Sheens : RHP Ricardo Montero
Batting: RHB Juan Costello 0-0: Ball
1-0: Called Strike
1-1: Called Strike
1-2: Strikes out swinging, 2-3 out at first.
Batting: LHB Ramón Morales 0-0: Foul Ball, location: 2F
0-1: Called Strike
0-2: Ball
1-2: Strikes out swinging
Batting: SHB Martín Medina 0-0: Ground out 5-3 (Groundball, 56)
Bottom of the 6th over - 0 runs, 0 hits, 0 errors, 0 left on base; St Charles 4 - Nashville 4
TOP OF THE 7TH
St Charles Sheens batting - Pitching for Nashville G-Strings : RHP Kimitada Takai
Pinch Hitting: RHB Glen MacDonald 0-0: Called Strike
0-1: Fly out, F7 (Flyball, 78M)
Batting: RHB Miguel Palácios 0-0: Foul Ball, location: 2F
0-1: Ball
1-1: Swinging Strike
1-2: SINGLE (Groundball, 56D)
Batting: RHB Lúcio Alfaro 0-0: Fly out, F8 (Flyball, 8RM)
Batting: RHB Shawn Gutiérrez 0-0: Ball
1-0: Ball
2-0: Ball
3-0: Base on Balls
Miguel Palácios to second
Batting: RHB Víctor Arredondo 0-0: Ball
1-0: Ball
2-0: Called Strike
2-1: Fly out, F7 (Flyball, 7LS)
Top of the 7th over - 0 runs, 1 hit, 0 errors, 2 left on base; St Charles 4 - Nashville 4
BOTTOM OF THE 7TH
Nashville G-Strings batting - Pitching for St Charles Sheens : RHP Ricardo Montero
Pitching: RHP Irwin Conway
Now in LF: Glen MacDonald
Batting: SHB Ricardo Arévalo 0-0: Ball
1-0: Swinging Strike
1-1: Swinging Strike
1-2: Foul Ball, location: 2F
1-2: Strikes out swinging
Batting: RHB Eric Thompson 0-0: Called Strike
0-1: Ball
1-1: Called Strike
1-2: Fly out, F8 (Flyball, 8LD)
Batting: SHB Rob Grun 0-0: Ground out 4-3 (Groundball, 4)
Bottom of the 7th over - 0 runs, 0 hits, 0 errors, 0 left on base; St Charles 4 - Nashville 4
TOP OF THE 8TH
St Charles Sheens batting - Pitching for Nashville G-Strings : RHP Kimitada Takai
Pitching: LHP Raúl Sandoval
Batting: LHB Randy Wiggins 0-0: Ball
1-0: Foul Ball, location: 2F
1-1: Ground out 4-3 (Groundball, 4MS)
Pitching: RHP Johnathan Phillips
Batting: RHB Ramón Molina 0-0: Foul Ball, location: 2F
0-1: Fly out, F3 (Popup, 3SF)
Batting: RHB Sergio Pujols 0-0: Called Strike
0-1: Ball
1-1: Ball
2-1: Ball
3-1: Fly out, F7 (Flyball, 7S)
Top of the 8th over - 0 runs, 0 hits, 0 errors, 0 left on base; St Charles 4 - Nashville 4
BOTTOM OF THE 8TH
Nashville G-Strings batting - Pitching for St Charles Sheens : RHP Irwin Conway
Batting: RHB Sergio Márquez 0-0: Ball
1-0: Fly out, F8 (Flyball, 8RD)
Batting: SHB Jorge Flores 0-0: Foul Ball, location: 2F
0-1: Ball
1-1: Fly out, F8 (Flyball, 8LM)
Batting: RHB Vicente Aguirre 0-0: Swinging Strike
0-1: Ball
1-1: Ball
2-1: Ground out 5-3 (Groundball, 56)
Bottom of the 8th over - 0 runs, 0 hits, 0 errors, 0 left on base; St Charles 4 - Nashville 4
TOP OF THE 9TH
St Charles Sheens batting - Pitching for Nashville G-Strings : RHP Johnathan Phillips
Pitching: LHP Santiago González
Batting: RHB Judson Backstrom 0-0: Swinging Strike
0-1: Called Strike
0-2: Strikes out swinging
Batting: RHB Glen MacDonald 0-0: Foul Ball, location: 2F
0-1: Foul Ball, location: 2F
0-2: Ball
1-2: DOUBLE (Line Drive, 78D)
Batting: RHB Miguel Palácios 0-0: Intentional Walk
Batting: RHB Lúcio Alfaro 0-0: Ball
1-0: Ground out 3-1 (Groundball, 34)
Glen MacDonald to third
Miguel Palácios to second
Batting: RHB Shawn Gutiérrez 0-0: Ball
1-0: Foul Ball, location: 2F
1-1: Ball
2-1: Foul Ball, location: 2F
2-2: SINGLE (Groundball, 6MD)
Glen MacDonald scores
Miguel Palácios to third
Runner from 3rd tries for Home, SAFE, no throw
Batting: RHB Víctor Arredondo 0-0: SINGLE (Line Drive, 78S)
Shawn Gutiérrez to second
Batting: LHB Randy Wiggins 0-0: Called Strike
0-1: DOUBLE (Line Drive, 9LM)
Shawn Gutiérrez scores
Víctor Arredondo to third
Runner from 3rd tries for Home, SAFE, no throw
Pitching: RHP Noriyuki Matsui
Batting: RHB Ramón Molina 0-0: Called Strike
0-1: Swinging Strike
0-2: Ground out 4-3 (Groundball, 4)
Top of the 9th over - 4 runs, 4 hits, 0 errors, 1 left on base; St Charles 8 - Nashville 4
BOTTOM OF THE 9TH
Nashville G-Strings batting - Pitching for St Charles Sheens : RHP Irwin Conway
Pitching: RHP Jesse Jones
Batting: RHB Juan Costello 0-0: Foul Ball, location: 2F
0-1: Ball
1-1: Foul Ball, location: 2F
1-2: Strikes out swinging
Batting: LHB Ramón Morales 0-0: Ground out 6-3 (Groundball, 6)
Batting: SHB Martín Medina 0-0: Ball
1-0: Called Strike
1-1: Fly out, F7 (Flyball, 7S)
Bottom of the 9th over - 0 runs, 0 hits, 0 errors, 0 left on base; St Charles 8 - Nashville 4
Saturday, April 7th, 2018 - OOTP Baseball 18.8 Build 76